 Dungeon Crawl Stone Soup version 0.30-a0-908-g5a111fc481 (webtiles) character file.

Game seed: 10084997556569344938

579092 theswoord the Chief of Staff (level 26, -11/192 HPs)
             Began as a Gargoyle Gladiator on Mar 17, 2023.
             Was a High Priest of Okawaru.
             Killed from afar by an iron giant (52 damage)
             ... with an iron shot
             ... on level 10 of a ziggurat on Mar 19, 2023.
             The game lasted 01:54:35 (48321 turns).

theswoord the Chief of Staff (Gargoyle Gladiator)  Turns: 48321, Time: 01:54:36

Health: -11/192    AC: 57    Str: 28 (30) XL:     26   Next: 61%
Magic:  19/31      EV: 18    Int: 18 (21) God:    Okawaru [*****.]
Gold:   4801       SH:  0    Dex:  9      Spells: 23/25 levels left

rFire   . . .      SeeInvis +    O - +9 lajatang (spect)
rCold   + . .      Faith    .    (shield currently unavailable)
rNeg    + + +      Spirit   .    E - +7 Kryia's mail coat {PotionHeal*2 rC+}
rPois   ∞          Reflect  .    k - +2 helmet {SInv}
rElec   +          Rampage  .    H - +1 cloak of Starlight {*Dazzle EV+4 Stlth--}
rCorr   .                        s - +3 pair of gauntlets of War {Slay+5}
Will    .....                    o - +2 pair of boots of the Nightingale {Int+4} Stlth
                                 a - amulet of Derghos {Regen+ Str+2}
HPRegen 1.32/turn                g - ring "Zemucviu" {rN+++ Will- Int+6 Dex-2 Slay+6}
MPRegen 0.22/turn                m - +4 ring of slaying

@: mighty, flying, studying 2 skills
A: sickness immunity, AC +20, big wings, negative energy resistance 1,
electricity resistance, torment resistance 1, petrification resistance
}: 4/15 runes: decaying, serpentine, silver, abyssal
a: Renounce Religion, Heroism, Finesse, Duel


You were on level 10 of a ziggurat.
You worshipped Okawaru.
Okawaru was extremely pleased with you.
You visited 8 branches of the dungeon, and saw 40 of its levels.
You visited the Abyss 3 times.
You visited 1 ziggurat, and saw 10 of its levels.
You also visited: Bailey, Wizlab and Desolation.

You collected 7413 gold pieces.
You spent 2612 gold pieces at shops.

Inventory:

Hand Weapons
 c - a +1 vampiric lajatang
 e - the +8 lajatang of Urgency {protect, *Noise Str+3 Stlth+}
   (You acquired it on level 14 of the Dungeon)

   Str:       It affects your strength (+3).
   *Noise:    It may make noises in combat.
   Stlth:     It makes you more stealthy.
 t - a +4 quarterstaff of chaos
 O - a +9 spectral lajatang (weapon)
 R - the +2 lajatang of the Doomed Warrior {heavy, rPois rCorr Str-2 Int+5}
   (You found it on level 9 of a ziggurat)

   Str:       It affects your strength (-2).
   Int:       It affects your intelligence (+5).
   rPois:     It protects you from poison.
   rCorr:     It protects you from acid and corrosion.
Missiles
 d - 6 throwing nets
Armour
 k - a +2 helmet of see invisible (worn)
 o - the +2 pair of boots of the Nightingale (worn) {Int+4}
   (Okawaru gifted it to you on level 1 of the Vaults)

   Int:       It affects your intelligence (+4).
 s - the +3 pair of gauntlets of War (worn) {Slay+5}
   (You found it on level 4 of the Dungeon)

   Slay:      It affects your accuracy & damage with ranged weapons and melee
   (+5).
 E - the +7 Kryia's mail coat (worn) {PotionHeal*2 rC+}
   (You acquired it on level 1 of the Lair of Beasts)

   PotionHeal*2: Potions heal its wearer twice as much.
   rC:        It protects you from cold.
 H - the +1 cloak of Starlight (worn) {*Dazzle EV+4 Stlth--}
   (You bought it in a shop on level 8 of the Dungeon)

   *Dazzle:   It may blind those who miss an attack against the wearer in melee
   combat.
   EV:        It affects your evasion (+4).
   Stlth:     It makes you much less stealthy.
Jewellery
 a - the amulet of Derghos (around neck) {Regen+ Str+2}
   (You found it on level 4 of the Vaults)

   [amulet of regeneration]

   Str:       It affects your strength (+2).
   Regen:     It increases your rate of health regeneration.
 g - the ring "Zemucviu" (left hand) {rN+++ Will- Int+6 Dex-2 Slay+6}
   (You bought it in a shop on level 2 of the Depths)

   [ring of intelligence]

   Int:       It affects your intelligence (+6).
   Dex:       It affects your dexterity (-2).
   Slay:      It affects your accuracy & damage with ranged weapons and melee
   (+6).
   rN:        It renders you almost immune to negative energy.
   Will:      It decreases your willpower.
 m - a +4 ring of slaying (right hand)
 r - a ring of protection from fire
 A - the ring of Liberty {Fire Dex+7}
   (You found it on level 6 of a ziggurat)

   [ring of fire]

   It enhances your fire magic.
   Dex:       It affects your dexterity (+7).
   rF:        It protects you from fire.
   rC:        It makes you vulnerable to cold.
 L - a ring of protection from cold
 P - the amulet of Skepticism {Faith rElec rF+ Regen+ Dex-4}
   (You found it on level 3 of the Depths)

   [amulet of faith]

   It allows you to gain divine favour quickly.
   Dex:       It affects your dexterity (-4).
   rF:        It protects you from fire.
   rElec:     It insulates you from electricity.
   Regen:     It increases your rate of health regeneration.
 V - a +4 ring of protection
Wands
 b - a wand of mindburst (7)
 p - a wand of digging (9)
 T - a wand of paralysis (3)
Scrolls
 l - 18 scrolls of teleportation
 n - a scroll of torment
 q - 11 scrolls of vulnerability
 v - 8 scrolls of enchant armour
 w - 3 scrolls of enchant weapon
 y - 11 scrolls of amnesia
 z - 3 scrolls of brand weapon
 C - 5 scrolls of silence
 F - 5 scrolls of immolation
 I - a scroll of blinking
 J - 10 scrolls of poison
 Q - 7 scrolls of fear
 U - 8 scrolls of fog
 W - 4 scrolls of magic mapping
Potions
 f - 11 potions of magic
 h - 3 potions of heal wounds
 i - 6 potions of haste
 j - 11 potions of curing
 u - 11 potions of attraction
 x - 13 potions of lignification
 B - 3 potions of cancellation
 D - 10 potions of brilliance
 K - 6 potions of ambrosia
 M - 9 potions of might
 N - 8 potions of mutation
 S - 2 potions of resistance
 Y - 3 potions of berserk rage
 Z - a potion of invisibility
Miscellaneous
 G - a piece from Xom's chessboard (15/15)


   Skills:
 + Level 26.9 Fighting
 O Level 27 Staves
 - Level 1.7 Throwing
 + Level 26.8 Armour
 - Level 10.1 Dodging
 - Level 2.6 Transmutations
 - Level 11.2 Invocations


You had 23 spell levels left.
You knew the following spells:

 Your Spells              Type           Power      Damage    Failure   Level
a - Wereblood             Tmut           9%         N/A       16%         2

Your spell library contained the following spells:

 Spells                   Type           Power      Damage    Failure   Level
 Beastly Appendage        Tmut           18%        N/A       10%         1
 Sting                    Tmut/Pois      16%        1d3       17%         1
 Apportation              Tloc           0%         N/A       30%         1
 Foxfire                  Conj/Fire      0%         2x1d4     30%         1
 Kiss of Death            Conj/Necr      0%         2d5       30%         1
 Necrotise                Necr           0%         1d4       30%         1
 Shock                    Conj/Air       0%         1d3       30%         1
 Blink                    Tloc           0%         N/A       41%         2
 Lesser Beckoning         Tloc           0%         N/A       41%         2
 Momentum Strike          Conj/Tloc      0%         3d8       41%         2
 Poisonous Vapours        Pois/Air       0%         N/A       41%         2
 Searing Ray              Conj           0%         2d4       41%         2
 Static Discharge         Conj/Air       0%         2-2/arc   41%         2
 Spider Form              Tmut/Pois      4%         N/A       45%         3
 Ignite Poison            Fire/Tmut/Pois 3%         N/A       54%         3
 Frozen Ramparts          Ice            0%         1d1       65%         3
 Gell's Gravitas          Tloc           0%         N/A       65%         3
 Inner Flame              Hex/Fire       0%         N/A       65%         3
 Kindle Blastsparks       Fire/Tloc/Air  0%         2d10      65%         3
 Mephitic Cloud           Conj/Pois/Air  0%         N/A       65%         3
 Portal Projectile        Hex/Tloc       0%         N/A       65%         3
 Swiftness                Air            0%         N/A       65%         3
 Teleport Other           Tloc           0%         N/A       65%         3
 Ice Form                 Ice/Tmut       4%         N/A       86%         4
 Blade Hands              Tmut           4%         N/A       95%         5
 Airstrike                Air            0%         2d(0-16)  96%         4
 Fulminant Prism          Conj/Hex       0%         3d5       96%         4
 Leda's Liquefaction      Hex/Erth       0%         N/A       96%         4
 Manifold Assault         Tloc           0%         N/A       96%         4
 Olgreb's Toxic Radiance  Pois           0%         N/A       96%         4
 Alistair's Intoxication  Tmut/Pois      2%         N/A       99%         5
 Irradiate                Conj/Tmut      2%         3d12      99%         5
 Yara's Violent Unravell  Hex/Tmut       2%         3d3       99%         5
 Conjure Ball Lightning   Conj/Air       0%         3x3d6     100%        6
 Dispersal                Tloc           0%         N/A       100%        6
 Iron Shot                Conj/Erth      0%         9d1       100%        6
 Enfeeble                 Hex            0%         N/A       100%        7
 Orb of Destruction       Conj           0%         9d5       100%        7
 Ozocubu's Refrigeration  Ice            0%         4d7       100%        7
 Ignition                 Fire           0%         3d3       100%        8
 Shatter                  Erth           0%         3d5*      100%        9
 Summon Small Mammal      Summ           Unusable   N/A       N/A         1
 Cigotuvi's Dreadful Rot  Necr/Pois/Air  Unusable   N/A       N/A         2
 Summon Guardian Golem    Hex/Summ       Unusable   N/A       N/A         3
 Summon Ice Beast         Ice/Summ       Unusable   N/A       N/A         4
 Summon Cactus Giant      Summ           Unusable   N/A       N/A         6
 Spellforged Servitor     Conj/Summ      Unusable   N/A       N/A         7

Dungeon Overview and Level Annotations

Branches:
Dungeon (15/15)            Temple (1/1) D:7            Lair (5/5) D:8
  Swamp (4/4) Lair:3        Snake (4/4) Lair:3        Slime (0/5) Lair:4
    Orc (2/2) D:10            Elf (0/3) Orc:2        Vaults (5/5) D:13
  Crypt (0/3) Vaults:3     Depths (4/4) D:15            Zot (0/5) Depths:4
 Bailey (visited)          WizLab (visited)         Desolation (visited)

Altars:
Ashenzari
Cheibriados
Dithmenos
Elyvilon
Fedhas
Gozag
Hepliaklqana
Kikubaaqudgha
Makhleb
Nemelex Xobeh
Okawaru
Qazlal
Ru
Sif Muna
Trog
Uskayaw
Vehumet
Wu Jian
Xom
Yredelemnul
Zin
The Shining One

Shops:
D:4 (?   D:8 *   D:13 (   D:14 *   Orc:1 (   Orc:2 ?![=   Snake:3 :=:
Vaults:1 :   Vaults:5 (   Depths:2 =

Portals:
Hell: Depths:1 Depths:2 Depths:3 Depths:4
Abyss: Depths:1 Depths:2 Depths:3 Depths:4
Pandemonium: Orc:2 Depths:2

Annotations:
D:4 1 runed translucent door, t4s4d4r's ghost, amateur OpTm
D:6 2 transporters
Depths:2 2 transporters


Innate Abilities, Weirdness & Mutations

You are immune to sickness and miasma.
Your stone body is resilient. (AC +20)
You are immune to poison.
Your large and strong wings let you fly.
You resist negative energy. (rN+)
You are resistant to electric shocks. (rElec)
You are resistant to unholy torment.
You are immune to petrification.


Message History

The iron giant fires a harpoon shot at you.
The harpoon shot hits you but does no damage.
The Hell Sentinel hits your +9 spectral lajatang!!!
Your spectral weapon shares its damage with you!
Your +9 spectral lajatang fades away.
* * * LOW HITPOINT WARNING * * *
You chop the iron dragon into pieces!!!
Your +9 spectral lajatang hits the iron dragon!
The iron dragon barely misses you.
The iron dragon claws you but does no damage.
The iron dragon tramples you but does no damage.
The Hell Sentinel hits your +9 spectral lajatang!!
Your spectral weapon shares its damage with you!
Your +9 spectral lajatang fades away.
* * * LOW HITPOINT WARNING * * *
The +7 Kryia's mail coat enhances the healing.
You feel much better.
The iron giant hits you but does no damage.
The iron dragon breathes metal splinters at you.
The spray of metal splinters misses you.
You slice the iron dragon like a ripe choko!!!
You kill the iron dragon!
Okawaru accepts your kill.
The iron giant hits you with a +0 giant spiked club!!
* * * LOW HITPOINT WARNING * * *
The Hell Sentinel barely misses you.
The Hell Sentinel hits you but does no damage.
You slash the Hell Sentinel!
Your +9 spectral lajatang hits the Hell Sentinel!!!
You slice the Hell Sentinel!!
Your +9 spectral lajatang hits the Hell Sentinel!!
The iron giant misses you.
The iron giant is temporarily struck blind!
The Hell Sentinel closely misses you. x2
You cut the Hell Sentinel into ribbons!!!
You kill the Hell Sentinel!
Okawaru accepts your kill. The iron giant casts a spell at you.
The iron shot hits you!!!
You die...

▓▓.........▓▓
▓▓...........▓▓
▓▓.............▓▓
▓▓...............▓▓
▓.................▓
▓.....§...........▓
▓)=.§.............▓
▓?∩?..§.§.........▓▓
▓.">=.§§@C.......∩..▓
▓▓[∩|..............▓▓
▓.................▓
▓.................▓
▓.................▓
▓▓...............▓▓
▓▓.............▓▓
▓▓...........▓▓


You could see an iron giant (blind).

Vanquished Creatures
  A dread lich (Arena)
  An ancient lich (Depths:3)
  Mennas (Vaults:5)
  3 Killer Klowns (Zig:9)
  The ghost of emiel the Earth Mage, a veteran KoEE of Vehumet (Depths:2)
  Bai Suzhen (Vaults:4)
  2 caustic shrikes
  Jory (Vaults:4)
  3 golden dragons
  3 profane servitors
  3 bone dragons (Abyss:3)
  3 hellephants (Abyss:3)
  An Ice Fiend (Zig:1)
  Jorgrun (D:14)
  3 Hell Sentinels (Zig:10)
  Asterion (Vaults:1)
  9 liches
  13 tentacled starspawn
  2 quicksilver dragons (Vaults:4)
  An acid blob (Zig:6)
  5 titans
  The ghost of Douf the Warrior, an adept MiBe of Trog (Snake:1)
  An ancient champion (Zig:10)
  An eldritch tentacle (WizLab)
  A quicksilver dragon (shapeshifter) (Zig:9)
  12 tengu reavers
  3 shadow dragons
  A kraken (Swamp:3)
  An Executioner (Abyss:3)
  Kirke (D:13)
  4 storm dragons
  5 sphinxes
  A draconian monk (Zig:7)
  6 nagarajas
  3 fire giants
  A revenant (Abyss:3)
  A quicksilver elemental (Zig:10)
  Aizul (Snake:2)
  A draconian knight (Depths:4)
  3 azure jellies
  17 vault wardens
  3 frost giants
  The ghost of Qogig the Brawler, a journeyman TrCA of Jiyva (D:15)
  2 emperor scorpions (Zig:5)
  2 deep elf sorcerers
  A ghost moth (Zig:5)
  3 iron dragons
  Louise (Arena)
  A caustic shrike zombie (Abyss:3)
  2 imperial myrmidons (Desolation)
  2 draconian scorchers (Zig:7)
  An orc warlord (Vaults:3)
  4 draconian shifters
  2 draconian annihilators
  A caustic shrike skeleton (Abyss:2)
  29 ironbound preservers
  5 war gargoyles
  23 very ugly things
  A deep elf elementalist (Abyss:3)
  2 quicksilver oozes (Zig:6)
  5 ironbound thunderhulks
  14 stone giants
  The ghost of theswoord the Tortoise, a journeyman GrCK of Ru (D:13)
  Nessos (Arena)
  A deep elf annihilator (Depths:2)
  4 vampire knights
  9 dire elephants
  2 bunyips
  A lorocyproca (Abyss:3)
  2 green draconians (Depths:4)
  A red draconian (Depths:4)
  A yellow draconian (Zig:7)
  2 deep elf demonologists
  2 halazid warlocks (Desolation)
  6 eleionomae
  2 purple draconians (Depths:4)
  2 white draconians
  2 spark wasps (Depths:2)
  2 eidola
  A blizzard demon (Abyss:3)
  A green death (Abyss:2)
  11 ettins
  2 deep elf death magi
  2 merfolk impalers (Zig:8)
  5 fire dragons
  2 iron golems (Zig:10)
  3 crystal guardians
  12 yaktaur captains
  A shambling mangrove (Zig:4)
  5 ragged hierophants (Desolation)
  6 entropy weavers
  3 salamander tyrants (Snake:2)
  41 vault guards
  3 deep elf high priests
  6 spriggan air magi
  A rakshasa (Depths:2)
  8 servants of whispers (Desolation)
  A quicksilver dragon skeleton (Depths:1)
  An entropy weaver (shapeshifter) (D:13)
  6 peacekeepers
  7 great orbs of eyes
  6 ice dragons
  2 ghost crabs (Swamp:1)
  16 hydras
  A radroach (Zig:2)
  An ogre mage (Vaults:4)
  Erolcha (D:11)
  3 catoblepae (Lair:5)
  8 boulder beetles
  3 demonspawn (Orc:2)
  A radroach (shapeshifter) (Vaults:5)
  12 deep troll shamans
  A merfolk aquamancer (Zig:8)
  A jorogumo (Zig:2)
  6 two-headed ogres
  8 anacondas
  6 tengu warriors
  10 ironbound frosthearts
  6 dancing weapons (Depths:2)
  9 centaur warriors
  13 alligators
  8 death yaks (Lair:5)
  3 spriggan berserkers
  3 hell hogs (Abyss:2)
  10 naga warriors
  Urug (D:13)
  12 shock serpents
  6 vampire magi
  12 deep troll earth magi
  13 naga sharpshooters
  12 thrashing horrors
  5 orc high priests
  Sonja (D:10)
  5 hell knights (Vaults:5)
  A sun demon (Orc:2)
  A fire crab (shapeshifter) (Zig:9)
  4 shadow wraiths
  3 salamander mystics (Snake:2)
  16 iron trolls
  A sixfirhy (Abyss:3)
  2 spatial maelstroms
  7 wretched stars
  3 goliath frogs
  A death drake (shapeshifter) (Zig:9)
  7 spriggan druids
  A sea snake (shapeshifter) (Depths:1)
  A swamp dragon (shapeshifter) (Vaults:5)
  A skyshark (Lair:3)
  5 naga ritualists
  11 sea snakes
  3 bog bodies
  11 swamp dragons
  70 deep trolls
  4 phantasmal warriors
  2 flayed ghosts
  An orange crystal statue (Zig:7)
  9 harpies
  2 glowing orange brains
  4 necromancers
  13 lindwurms
  An anaconda skeleton (WizLab)
  6 deep elf pyromancers
  28 ironbound convokers
  8 orc knights
  3 obsidian statues
  7 wizards
  3 shining eyes
  6 will-o-the-wisps
  21 starcursed masses
  8 orc sorcerers
  6 mana vipers
  A manticore (shapeshifter) (Vaults:4)
  4 manticores
  35 ugly things
  2 tengu skeletons
  2 worldbinders (Abyss:2)
  14 salamanders
  17 elephants
  A spectral shock serpent (Snake:1)
  A sphinx skeleton (Depths:2)
  A merfolk siren (Zig:8)
  A moth of wrath (Zig:5)
  33 black mambas
  5 cyclopes
  14 guardian serpents
  A guardian serpent (shapeshifter) (Abyss:3)
  2 rust devils
  Maurice (D:9)
  6 smoke demons
  2 apocalypse crabs
  A salamander (shapeshifter) (Vaults:3)
  14 vault sentinels
  An ice statue (Zig:7)
  A water nymph (Zig:8)
  20 naga magi
  A water nymph (shapeshifter) (Vaults:4)
  Maggie (D:6)
  11 cane toads
  A cane toad (shapeshifter) (Abyss:2)
  2 kobold demonologists
  2 rime drakes
  5 unseen horrors
  6 komodo dragons
  5 freezing wraiths
  33 yaktaurs
  2 efreet
  6 tengu conjurers
  An anaconda simulacrum (Snake:1)
  An ice devil (Abyss:3)
  7 ancient zymes
  A red devil (WizLab)
  A harpy zombie (Abyss:2)
  A hellwing (Abyss:2)
  A meliai (Zig:5)
  3 polar bears
  6 tyrant leeches
  6 merfolk (Zig:8)
  2 merfolk (shapeshifter) (Vaults:5)
  A shadow dragon simulacrum (Depths:2)
  7 trolls
  7 hornets
  49 saltlings (Desolation)
  A snapping turtle (Zig:8)
  23 blink frogs
  24 raiju
  19 slime creatures
  A human simulacrum (Vaults:3)
  A spectral black mamba (Snake:1)
  4 water elementals
  5 wyverns
  10 spriggans
  A ynoxinul (Abyss:3)
  3 naga simulacra
  2 shadows
  A centaur simulacrum (D:15)
  39 yaks
  A vampire (D:11)
  A shapeshifter (D:8)
  6 wraiths
  3 basilisks
  19 small abominations
  4 chaos spawn
  A fire elemental (WizLab)
  A golden eye (Abyss:2)
  4 humans (D:13)
  5 redbacks
  4 neqoxecs
  7 swamp worm simulacra (Swamp:4)
  18 vampire mosquitoes
  Menkaure (D:6)
  2 mana viper simulacra (Snake:1)
  3 steam dragons
  19 swamp worms
  11 spatial vortices
  A glowing shapeshifter zombie (Depths:2)
  2 wargs
  47 nagas
  A tengu zombie (Depths:1)
  3 acid dragons
  18 large abominations
  16 water moccasins
  15 hydra simulacra (Swamp:4)
  Duvessa (D:5)
  A glowing shapeshifter skeleton (WizLab)
  2 swamp drakes
  3 ice beasts (D:5)
  40 orc warriors
  2 black mamba simulacra (Snake:1)
  8 ogres
  7 centaurs
  2 boggarts
  4 wolves
  2 kobold brigands (D:7)
  A phantom (D:6)
  14 bullfrogs
  3 gnoll sergeants
  2 necrophages
  2 scorpions
  2 earth elementals
  10 wights
  Dowan (D:5)
  5 killer bees (D:8)
  A spectral naga (Snake:1)
  4 howler monkeys
  10 electric eels
  A crimson imp (WizLab)
  3 jellies (D:6)
  2 hounds (D:4)
  5 quasits
  Crazy Yiuf (D:4)
  A gnoll bouda (D:7)
  30 orc priests
  4 iguanas
  20 orc wizards
  5 hell rats (Lair:5)
  11 adders
  19 gnolls
  A shadow imp (WizLab)
  6 white imps
  5 ufetubi
  A swamp drake simulacrum (Swamp:4)
  3 worms
  2 dart slugs
  87 orcs
  2 bats
  3 endoplasms
  2 giant cockroaches
  12 goblins
  17 hobgoblins
  19 kobolds
  11 ball pythons
  9 frilled lizards
  4 rats
  7 starspawn tentacles
  2 tentacles (Swamp:3)
2002 creatures vanquished.

Vanquished Creatures (collateral kills)
  An iguana (D:5)
1 creature vanquished.

Vanquished Creatures (others)
  An ironbound preserver (Vaults:5)
  An ice dragon (Swamp:4)
  A centaur warrior (Vaults:1)
  A yaktaur (Vaults:3)
  A raiju (Abyss:3)
  An orc priest (Orc:2)
  An ufetubus (Abyss:2)
  5 foxfires
  12 fungi
  49 plants
  28 starspawn tentacles
  4 tentacles (Swamp:3)
  2 withered plants (Depths:1)
107 creatures vanquished.

Grand Total: 2110 creatures vanquished

Notes
Turn   | Place    | Note
-------+----------+-------------------------------------------
     0 | D:1      | theswoord the Gargoyle Gladiator began the quest for the
                  | Orb.
     0 | D:1      | Reached XP level 1. HP: 12/12 MP: 1/1
   269 | D:1      | Reached XP level 2. HP: 17/17 MP: 2/2
   717 | D:2      | Reached skill level 4 in Staves
  1063 | D:2      | Reached XP level 3. HP: 8/21 MP: 3/3
  2006 | D:3      | Reached XP level 4. HP: 26/26 MP: 4/4
  2134 | D:3      | Reached skill level 5 in Staves
  2521 | D:3      | Found an ornate altar of the Wu Jian Council.
  2525 | D:3      | Reached XP level 5. HP: 29/30 MP: 5/5
  2587 | D:4      | Found an ancient bone altar of Kikubaaqudgha.
  2587 | D:4      | Found a snail-covered altar of Cheibriados.
  2602 | D:4      | Found a sacrificial altar of Ru.
  2626 | D:4      | Found Rovuff's Magic Scroll Shop.
  2631 | D:4      | Reached skill level 6 in Staves
  2657 | D:4      | Reached XP level 6. HP: 35/35 MP: 6/6
  2669 | D:4      | Found a blossoming altar of Fedhas.
  2692 | D:4      | Reached skill level 7 in Staves
  2978 | D:4      | Found the +3 pair of gauntlets of War {Slay+5}
  2979 | D:4      | Found a runed translucent door.
  2979 | D:4      | Noticed t4s4d4r's ghost (amateur OpTm)
  2983 | D:4      | Found Kaseusm's Antique Weapon Emporium.
  3076 | D:4      | Reached XP level 7. HP: 40/40 MP: 7/7
  3357 | D:4      | Found a runed translucent door.
  3358 | D:4      | Noticed Crazy Yiuf
  3370 | D:4      | Killed Crazy Yiuf
  3443 | D:5      | Entered Level 5 of the Dungeon
  3457 | D:5      | Reached skill level 8 in Staves
  3572 | D:5      | Reached skill level 9 in Staves
  3587 | D:5      | Noticed Duvessa
  3594 | D:5      | Killed Duvessa
  3595 | D:5      | Reached XP level 8. HP: 35/44 MP: 8/8
  3600 | D:5      | Noticed Dowan
  3606 | D:5      | Killed Dowan
  3838 | D:5      | Reached skill level 10 in Staves
  4514 | D:6      | Found a transporter.
  4656 | D:6      | Reached skill level 11 in Staves
  4846 | D:6      | Reached XP level 9. HP: 42/48 MP: 9/9
  4931 | D:6      | Reached skill level 12 in Staves
  5074 | D:6      | Noticed Menkaure
  5076 | D:6      | Killed Menkaure
  5103 | D:6      | Found a transporter.
  5253 | D:6      | Noticed Maggie
  5265 | D:6      | Killed Maggie
  5490 | D:7      | Reached skill level 1 in Armour
  5781 | D:7      | Reached skill level 13 in Staves
  5857 | D:7      | Found a staircase to the Ecumenical Temple.
  5923 | Temple   | Entered the Ecumenical Temple
  6138 | Temple   | Became a worshipper of Warmaster Okawaru
  6528 | D:8      | Found a bloodstained altar of Trog.
  6544 | D:8      | Reached XP level 10. HP: 41/57 MP: 10/10
  6549 | D:8      | Found a staircase to the Lair.
  6637 | D:8      | Found Bukhlof's General Store.
  6697 | D:8      | Reached * piety under Okawaru
  6736 | D:8      | Identified the +5 short sword of Atear {flame, rPois Int+6
                  | Dex-4 Stlth-}
  6786 | D:8      | Found a flagged portal.
  6795 | Bailey   | Entered a bailey
  6853 | Bailey   | Reached skill level 5 in Fighting
  7098 | Bailey   | Found an iron altar of Okawaru.
  7098 | Bailey   | Noticed a kobold demonologist
  7098 | Bailey   | Noticed an orc sorcerer
  7106 | Bailey   | Killed an orc sorcerer
  7106 | Bailey   | Reached ** piety under Okawaru
  7107 | Bailey   | Reached skill level 5 in Armour
  7113 | Bailey   | Killed a kobold demonologist
  7887 | D:8      | Bought the +1 cloak of Starlight {*Dazzle EV+4 Stlth--} for
                  | 427 gold pieces
  7887 | D:8      | Found the +1 cloak of Starlight {*Dazzle EV+4 Stlth--}
  8056 | D:9      | Reached *** piety under Okawaru
  8080 | D:9      | Noticed Maurice
  8142 | D:9      | Killed Maurice
  8143 | D:9      | Reached skill level 14 in Staves
  8177 | D:9      | Reached XP level 11. HP: 67/67 MP: 11/11
  8222 | D:9      | Noticed a deep elf pyromancer
  8232 | D:9      | Killed a deep elf pyromancer
  8343 | D:9      | Reached **** piety under Okawaru
  8430 | D:9      | Noticed a two-headed ogre
  8439 | D:9      | Killed a two-headed ogre
  9105 | Lair:1   | Entered Level 1 of the Lair of Beasts
  9162 | Lair:1   | a yak changed into a harpy
  9162 | Lair:1   | Noticed a harpy
  9165 | Lair:1   | Killed a harpy
  9165 | Lair:1   | Received a gift from Okawaru
  9166 | Lair:1   | Reached skill level 1 in Invocations
  9263 | Lair:1   | Acquired the +7 Kryia's mail coat {PotionHeal*2 rC+}
  9263 | Lair:1   | Found the +7 Kryia's mail coat {PotionHeal*2 rC+}
 10116 | Lair:2   | Reached ***** piety under Okawaru
 10443 | Lair:2   | Reached skill level 10 in Fighting
 10443 | Lair:2   | Reached XP level 12. HP: 65/77 MP: 15/15
 10529 | Lair:2   | Reached skill level 5 in Invocations
 10710 | Lair:2   | Identified the +6 chain mail of Aqutaots {rElec rN+ Dex+3}
                  | (Okawaru gifted it to you on level 2 of the Lair of Beasts)
 10710 | Lair:2   | Received a gift from Okawaru
 10718 | Lair:2   | Reached skill level 10 in Armour
 11660 | Lair:3   | Noticed a seven-headed hydra
 11670 | Lair:3   | Killed a seven-headed hydra
 11873 | Lair:3   | Found a staircase to the Snake Pit.
 12264 | Lair:3   | Found a staircase to the Swamp.
 12540 | Lair:4   | Received a gift from Okawaru
 12541 | Lair:4   | Reached XP level 13. HP: 85/85 MP: 18/18
 12670 | D:8      | Bought a scroll of brand weapon for 133 gold pieces
 13289 | Lair:4   | Found a staircase to the Slime Pits.
 13598 | Lair:5   | Entered Level 5 of the Lair of Beasts
 13616 | Lair:5   | Identified the +0 pair of gloves "Noclath Ocro" {Contam
                  | rElec rPois Int+3} (Okawaru gifted it to you on level 5 of
                  | the Lair of Beasts)
 13616 | Lair:5   | Received a gift from Okawaru
 14258 | Lair:5   | Reached skill level 10 in Invocations
 14531 | Lair:5   | Gained mutation: Your large and strong wings let you fly.
                  | [Gargoyle growth]
 14531 | Lair:5   | Reached XP level 14. HP: 94/94 MP: 21/21
 14555 | Lair:5   | Reached ****** piety under Okawaru
 15370 | D:10     | Entered Level 10 of the Dungeon
 15385 | D:10     | Received a gift from Okawaru
 15516 | D:10     | Noticed Sonja
 15520 | D:10     | Killed Sonja
 16219 | D:10     | Found a staircase to the Orcish Mines.
 16907 | D:11     | Identified the +0 buckler of Nohyvvib {rPois} (Okawaru
                  | gifted it to you on level 11 of the Dungeon)
 16907 | D:11     | Received a gift from Okawaru
 16986 | D:11     | Noticed Erolcha
 16990 | D:11     | Killed Erolcha
 17915 | D:13     | Noticed Urug
 17921 | D:13     | Killed Urug
 18134 | D:13     | Noticed Kirke
 18148 | D:13     | Killed Kirke
 18344 | D:13     | Found a transporter.
 18344 | D:13     | Noticed theswoord's ghost (journeyman GrCK)
 18397 | D:13     | Found a transporter.
 18465 | D:13     | Noticed Nessos
 18466 | Arena    | Entered the Arena
 18466 | Arena    | Paralysed by Nessos for 3 turns
 18473 | Arena    | Killed Nessos
 18704 | D:13     | Found Rudyim's Weapon Emporium.
 18799 | D:13     | Found a gate to the Vaults.
 19075 | D:13     | Found an ornate altar of the Wu Jian Council.
 19168 | D:13     | Killed theswoord's ghost
 19174 | D:13     | Identified the ring "Huwu" {Fly rElec Str+2 Dex+6}
 19259 | D:14     | Reached skill level 15 in Fighting
 19262 | D:14     | Reached XP level 15. HP: 103/103 MP: 23/23
 19265 | D:14     | Reached skill level 5 in Dodging
 19268 | D:14     | Received a gift from Okawaru
 19271 | D:14     | Found the +9 sword of Power {lifebolt}
 19300 | D:14     | Acquired the +8 lajatang of Urgency {protect, *Noise Str+3
                  | Stlth+}
 19501 | D:14     | Reached skill level 15 in Armour
 19714 | D:14     | Noticed Jorgrun
 19724 | D:14     | Killed Jorgrun
 20089 | D:14     | Found Oricotuecw's Fire Supplies.
 20210 | D:15     | Entered Level 15 of the Dungeon
 20366 | D:15     | Found a runed translucent door.
 20422 | D:15     | Identified the +7 trident "Biklot" {venom, rElec Will+
                  | Str-3 Dex+3}
 20422 | D:15     | Noticed Qogig's ghost (journeyman TrCA)
 20520 | D:15     | Found a staircase to the Depths.
 21052 | D:15     | Identified the +1 ice dragon scales of the Harvest {rPois
                  | rF- rC++ Str-5 Dex+3} (Okawaru gifted it to you on level 15
                  | of the Dungeon)
 21052 | D:15     | Received a gift from Okawaru
 21141 | D:15     | Killed Qogig's ghost
 21396 | Orc:1    | Entered Level 1 of the Orcish Mines
 21665 | Orc:1    | Found Ziritwyu's Antique Weapon Shoppe.
 22034 | Orc:2    | Entered Level 2 of the Orcish Mines
 22299 | Orc:2    | Found a staircase to the Elven Halls.
 22413 | Orc:2    | Acquired a manual of Staves
 22418 | Orc:2    | Found Tevibu's Distillery.
 22451 | Orc:2    | Found Rutijap's Magic Scroll Shoppe.
 22616 | Arena    | Entered the Arena
 22648 | Orc:2    | Reached XP level 16. HP: 52/109 MP: 13/24
 22694 | Orc:2    | Found Raicwuw's Jewellery Shop.
 22694 | Orc:2    | Found a one-way gate leading to the halls of Pandemonium.
 22694 | Orc:2    | Found Illonuech's Antique Armour Boutique.
 23337 | Snake:1  | Entered Level 1 of the Snake Pit
 23337 | Snake:1  | Found a runed translucent gate.
 23337 | Snake:1  | Found a runed translucent gate.
 23337 | Snake:1  | Found a runed translucent gate.
 23354 | Snake:1  | Noticed Douf's ghost (adept MiBe)
 23556 | Snake:1  | Received a gift from Okawaru
 23673 | Snake:1  | Reached skill level 15 in Staves
 24181 | Snake:1  | Received a gift from Okawaru
 25123 | Snake:2  | Noticed Aizul
 25136 | Snake:2  | Killed Aizul
 25583 | Snake:2  | Reached skill level 16 in Staves
 25693 | Snake:2  | Found a runed translucent door.
 26233 | Snake:2  | Noticed a nagaraja
 26241 | Snake:2  | Killed a nagaraja
 26241 | Snake:2  | Identified the +0 scale mail "Ibrenuir" {-Cast Rampage
                  | rPois rF++} (Okawaru gifted it to you on level 2 of the
                  | Snake Pit)
 26241 | Snake:2  | Received a gift from Okawaru
 26295 | Snake:2  | Reached XP level 17. HP: 108/118 MP: 25/25
 26848 | Snake:3  | Reached skill level 17 in Staves
 27118 | Snake:3  | Found Ingiow's Book Boutique.
 27118 | Snake:3  | Found Byopses's Jewellery Shoppe.
 27119 | Snake:3  | Found Gisygu's Book Boutique.
 27166 | Snake:4  | Entered Level 4 of the Snake Pit
 27322 | Snake:4  | Received a gift from Okawaru
 28019 | Snake:4  | HP: 5/119 [sea snake (6)]
 28024 | Snake:4  | Received a gift from Okawaru
 28046 | Snake:4  | Received a gift from Okawaru
 28069 | Snake:4  | Reached skill level 10 in Dodging
 28143 | Snake:4  | Got a serpentine rune of Zot
 28399 | Swamp:1  | Entered Level 1 of the Swamp
 28425 | Swamp:1  | Reached skill level 18 in Staves
 28559 | Swamp:1  | Reached XP level 18. HP: 123/126 MP: 26/26
 29036 | Swamp:2  | Acquired a manual of Staves
 29776 | Arena    | Entered the Arena
 29863 | Swamp:3  | Reached skill level 19 in Staves
 29889 | Swamp:3  | Received a gift from Okawaru
 30238 | Swamp:4  | Entered Level 4 of the Swamp
 30532 | Swamp:4  | Got a decaying rune of Zot
 30718 | Swamp:4  | Received a gift from Okawaru
 31002 | Swamp:4  | Upgraded the game from 0.30-a0-782-ge64f9170bb to
                  | 0.30-a0-908-g5a111fc481
 31133 | Snake:1  | Killed Douf's ghost
 31405 | Vaults:1 | Entered Level 1 of the Vaults
 31432 | Vaults:1 | Identified the +0 pair of boots of the Armoured One {Harm}
                  | (Okawaru gifted it to you on level 1 of the Vaults)
 31432 | Vaults:1 | Received a gift from Okawaru
 31450 | Vaults:1 | Reached skill level 20 in Staves
 31499 | Vaults:1 | Reached XP level 19. HP: 132/133 MP: 27/27
 31683 | Abyss:2  | Cast into level 2 of the Abyss (a wizard)
 31695 | Abyss:2  | Found a corrupted altar of Lugonu.
 32199 | Abyss:2  | Reached skill level 21 in Staves
 32270 | Abyss:2  | Noticed a profane servitor
 32271 | Arena    | Entered the Arena
 32279 | Arena    | Killed a profane servitor
 32526 | Abyss:2  | Found a corrupted altar of Lugonu.
 32597 | Abyss:2  | Found a corrupted altar of Lugonu.
 32611 | Abyss:2  | Found a corrupted altar of Lugonu.
 32629 | Abyss:2  | Identified the scarf "Jiwexery" {+Inv, rElec} (Okawaru
                  | gifted it to you on level 2 of the Abyss)
 32629 | Abyss:2  | Received a gift from Okawaru
 32681 | Abyss:2  | Noticed an ancient lich
 32729 | Abyss:2  | Paralysed by accursed screaming for 1 turns
 32747 | Vaults:1 | Escaped the Abyss
 32846 | Abyss:2  | Cast into level 2 of the Abyss (a wizard)
 32884 | Abyss:2  | Noticed a profane servitor
 32899 | Abyss:2  | Killed a profane servitor
 32960 | Abyss:2  | Found a corrupted altar of Lugonu.
 33096 | Abyss:2  | Paralysed by accursed screaming for 1 turns
 33101 | Abyss:2  | Noticed a bone dragon
 33101 | Abyss:2  | Paralysed by accursed screaming for 2 turns
 33116 | Abyss:3  | Noticed a bone dragon
 33130 | Abyss:3  | Killed a bone dragon
 33435 | Abyss:3  | Reached XP level 20. HP: 96/142 MP: 7/28
 33474 | Abyss:3  | Received a gift from Okawaru
 33483 | Abyss:3  | Found a huge runed translucent gate.
 33483 | Abyss:3  | Noticed a hellephant
 33484 | Abyss:3  | Found a huge runed translucent gate.
 33485 | Abyss:3  | Found a huge runed translucent gate.
 33485 | Abyss:3  | Noticed a hellephant
 33486 | Abyss:3  | Found a runed translucent door.
 33489 | Abyss:3  | Found a huge runed translucent gate.
 33493 | Abyss:3  | Killed a hellephant
 33494 | Abyss:3  | Found a huge runed translucent gate.
 33507 | Abyss:3  | Found a huge runed translucent gate.
 33520 | Abyss:3  | Found a runed translucent door.
 33522 | Abyss:3  | Received a gift from Okawaru
 33530 | Abyss:3  | Killed a hellephant
 33532 | Abyss:3  | Found a huge runed translucent gate.
 33540 | Abyss:3  | Killed a bone dragon
 33541 | Abyss:3  | Reached skill level 22 in Staves
 33552 | Abyss:3  | Found a huge runed translucent gate.
 33552 | Abyss:3  | Found a huge runed translucent gate.
 33552 | Abyss:3  | Found a huge runed translucent gate.
 33552 | Abyss:3  | Found a huge runed translucent gate.
 33553 | Abyss:3  | Found a huge runed translucent gate.
 33559 | Abyss:3  | Found a corrupted altar of Lugonu.
 33559 | Abyss:3  | Noticed a hellephant
 33576 | Abyss:3  | Killed a hellephant
 33583 | Abyss:3  | Got an abyssal rune of Zot
 33646 | Abyss:3  | Noticed a bone dragon
 33658 | Abyss:3  | Killed a bone dragon
 33679 | D:13     | Escaped the Abyss
 33685 | Arena    | Entered the Arena
 33976 | Arena    | Entered the Arena
 34003 | Vaults:1 | Paralysed by a sphinx for 5 turns
 34172 | Vaults:1 | Identified the +2 pair of boots of the Nightingale {Int+4}
                  | (Okawaru gifted it to you on level 1 of the Vaults)
 34172 | Vaults:1 | Received a gift from Okawaru
 34815 | Vaults:1 | Reached XP level 21. HP: 143/150 MP: 29/29
 34837 | Vaults:1 | Found Cerec's Book Shoppe.
 34873 | Vaults:1 | Noticed Asterion
 34884 | Vaults:1 | Killed Asterion
 35117 | Arena    | Entered the Arena
 35603 | Vaults:2 | Reached skill level 23 in Staves
 35612 | Vaults:2 | Received a gift from Okawaru
 36978 | Vaults:3 | Identified the +1 ring mail of Joit {Rampage rPois Will+
                  | Stlth+} (Okawaru gifted it to you on level 3 of the Vaults)
 36978 | Vaults:3 | Received a gift from Okawaru
 37415 | Vaults:3 | Found a staircase to the Crypt.
 37827 | Vaults:4 | Found a crumbling gateway.
 37834 | Desolati | Entered the Desolation of Salt
 37921 | Desolati | Reached XP level 22. HP: 158/158 MP: 30/30
 37964 | Desolati | Got Sif Muna's Spellbook of Excruciating Wicked Rites
 37967 | Desolati | Identified the ring "Raazxob" {rElec MP+9}
 37971 | Desolati | Got the Excursus on the Figure
 38205 | Desolati | Identified the +2 buckler of Noumnus {rCorr Int+3}
 38217 | Desolati | Identified the +0 flail "Ogefy" {drain, Will+ rCorr}
 38219 | Desolati | Identified the +1 plate armour "Abrumeq" {Harm rC+ rCorr
                  | Dex+3}
 38431 | Desolati | Received a gift from Okawaru
 38556 | Desolati | Found the +7 mace of Variability {chaos, chain chaos}
 38562 | Desolati | Identified the +1 helmet of Cumnoat {Int+2 Dex+4 SInv}
 38571 | Desolati | Got the Almanac of the Stinger
 38751 | Vaults:4 | Noticed Jory
 38760 | Vaults:4 | Killed Jory
 38949 | Vaults:1 | Bought a book of Changes for 306 gold pieces
 38952 | Vaults:1 | Learned a level 2 spell: Wereblood
 39277 | Vaults:4 | Reached skill level 1 in Transmutations
 39358 | Vaults:4 | Reached skill level 24 in Staves
 39698 | Vaults:4 | Identified the amulet of Derghos {Regen+ Str+2}
 40065 | Vaults:5 | Entered Level 5 of the Vaults
 40065 | Vaults:5 | Noticed Mennas
 40222 | Vaults:4 | Received a gift from Okawaru
 40416 | Vaults:5 | Killed Mennas
 40435 | Vaults:5 | Identified the +4 dire flail of Qazlal's Esteem {drain, rF+
                  | SInv}
 40436 | Vaults:5 | Noticed Bai Suzhen
 40488 | Vaults:4 | Reached XP level 23. HP: 97/167 MP: 31/31
 40676 | Vaults:4 | Killed Bai Suzhen
 40683 | Vaults:4 | Received a gift from Okawaru
 40755 | Abyss:3  | Cast into level 3 of the Abyss (a deep elf demonologist)
 40834 | Vaults:5 | Escaped the Abyss
 40882 | Arena    | Entered the Arena
 41084 | Arena    | Entered the Arena
 41328 | Vaults:5 | Paralysed by a sphinx for 3 turns
 41330 | Vaults:5 | Noticed a golden dragon
 41333 | Arena    | Entered the Arena
 41600 | Arena    | Entered the Arena
 41606 | Arena    | Killed a golden dragon
 41634 | Vaults:4 | Received a gift from Okawaru
 41944 | Vaults:5 | Noticed a golden dragon
 41953 | Vaults:5 | Killed a golden dragon
 42291 | Vaults:5 | Identified the +3 shortbow "Jowov" {freeze, rF++ rC+ Will-
                  | Str+4}
 42307 | Vaults:5 | Got a silver rune of Zot
 42343 | Vaults:5 | Identified the +3 great sword of Qazlal's Approval {venom,
                  | Will+ Str+6}
 42444 | Vaults:5 | Noticed a golden dragon
 42459 | Vaults:5 | Killed a golden dragon
 42460 | Vaults:5 | Reached skill level 25 in Staves
 42552 | Vaults:5 | Found Gixkigac's Weapon Shop.
 43235 | Depths:1 | Entered Level 1 of the Depths
 43276 | Depths:1 | Received a gift from Okawaru
 43425 | Depths:1 | Received a gift from Okawaru
 43543 | Depths:1 | Found a gateway to Hell.
 43577 | Depths:1 | Found an ancient bone altar of Kikubaaqudgha.
 43752 | Depths:1 | Reached XP level 24. HP: 175/175 MP: 31/31
 43771 | Depths:1 | Found a one-way gate to the infinite horrors of the Abyss.
 43866 | Depths:2 | Identified the +5 ring mail of Ytyrad {Rampage +Inv rN+
                  | Dex-3}
 43923 | Depths:2 | Found a shimmering altar of Xom.
 43930 | Depths:2 | Found a shimmering altar of Xom.
 44088 | Depths:2 | Noticed emiel's ghost (veteran KoEE)
 44136 | Depths:2 | Found a runed translucent door.
 44149 | Depths:2 | Found Ytedal's Jewellery Boutique.
 44156 | Depths:2 | Bought the ring "Zemucviu" {rN+++ Will- Int+6 Dex-2 Slay+6}
                  | for 888 gold pieces
 44156 | Depths:2 | Bought a +4 ring of slaying for 858 gold pieces
 44333 | Depths:2 | Found a transporter.
 44335 | Depths:2 | Noticed a caustic shrike
 44350 | Depths:2 | Found a transporter.
 44355 | Depths:2 | Identified the +7 morningstar of the Ageless Beasts {speed,
                  | Dex+3}
 44384 | Depths:2 | Noticed Louise
 44386 | Arena    | Entered the Arena
 44387 | Arena    | Killed Louise
 44755 | Depths:2 | Killed emiel's ghost
 44755 | Depths:2 | Received a gift from Okawaru
 44795 | Depths:2 | Got the Anthology of Cleavage
 44867 | Depths:3 | Found a magical portal.
 44876 | WizLab   | Entered The Roulette of Golubria
 44876 | WizLab   | Found a transporter.
 44879 | WizLab   | Found a corrupted altar of Lugonu.
 44914 | WizLab   | Found a transporter.
 44918 | WizLab   | Found a corrupted altar of Lugonu.
 44951 | WizLab   | Found a transporter.
 44969 | WizLab   | Found a transporter.
 44976 | WizLab   | Found a transporter.
 45022 | WizLab   | Found a transporter.
 45114 | WizLab   | Found a transporter.
 45141 | WizLab   | Found a transporter.
 45216 | WizLab   | Found a transporter.
 45270 | WizLab   | Found a transporter.
 45271 | WizLab   | Found a transporter.
 45287 | WizLab   | Found a transporter.
 45287 | WizLab   | Found a transporter.
 45311 | WizLab   | Found a transporter.
 45324 | WizLab   | Got the Handbook of the Jaunt
 45327 | WizLab   | Identified the +0 cloak "Cohet" {Contam rPois rN+}
 45399 | WizLab   | Found a transporter.
 45399 | WizLab   | Found a transporter.
 45422 | WizLab   | Found a transporter.
 45440 | WizLab   | Found a transporter.
 45683 | Depths:3 | Found a sacrificial altar of Ru.
 45827 | Depths:3 | Found a one-way gateway to a ziggurat.
 45835 | Depths:3 | Paralysed by a great orb of eyes for 4 turns
 45981 | Depths:3 | Identified the amulet of Skepticism {Faith rElec rF+ Regen+
                  | Dex-4}
 46107 | Depths:3 | Found a shimmering blue altar of Sif Muna.
 46129 | Depths:3 | Noticed a dread lich
 46131 | Depths:3 | Noticed an ancient lich
 46135 | Arena    | Entered the Arena
 46137 | Arena    | Killed a dread lich
 46149 | Depths:3 | Killed an ancient lich
 46174 | Depths:3 | Got Pecuuse Geu's Incunable of Talus
 46189 | Depths:3 | Got the Compendium of Metamorphosis
 46286 | Depths:3 | Found the amulet of the Air {Inacc Air Fly rElec RMsl}
 46355 | Depths:3 | Got the Octavo of the Hornet and Lava
 46366 | Depths:3 | Got Sif Muna's Volume of Friendly Momentum
 46685 | Depths:4 | Entered Level 4 of the Depths
 46726 | Depths:4 | Identified the +9 quarterstaff of Bodily Humours {drain,
                  | Int+5 Dex-4} (Okawaru gifted it to you on level 4 of the
                  | Depths)
 46726 | Depths:4 | Received a gift from Okawaru
 46732 | Depths:4 | Reached skill level 26 in Staves
 46884 | Depths:4 | Reached XP level 25. HP: 112/184 MP: 31/31
 47029 | Depths:4 | Found a gate to the Realm of Zot.
 47079 | Depths:4 | Found a shimmering blue altar of Sif Muna.
 47127 | Depths:4 | Found a stormy altar of Qazlal.
 47559 | Zig:1    | Entered Level 1 of a ziggurat
 47569 | Zig:2    | Entered Level 2 of a ziggurat
 47596 | Zig:3    | Entered Level 3 of a ziggurat
 47619 | Zig:4    | Entered Level 4 of a ziggurat
 47657 | Zig:5    | Entered Level 5 of a ziggurat
 47807 | Zig:5    | Reached skill level 27 in Staves
 47807 | Zig:5    | Reached XP level 26. HP: 190/190 MP: 31/31
 47817 | Zig:6    | Entered Level 6 of a ziggurat
 47844 | Zig:6    | Identified the ring of Liberty {Fire Dex+7}
 47861 | Zig:6    | Identified the +4 rapier of Histrionic Guile {flame, Contam
                  | Dex+5}
 47865 | Zig:6    | Got the Treatise on Points
 47868 | Zig:7    | Entered Level 7 of a ziggurat
 48066 | Zig:7    | Identified the +1 long sword "Hoclel" {vamp, rC++ rCorr
                  | Str-3 Int+3}
 48095 | Zig:8    | Entered Level 8 of a ziggurat
 48146 | Zig:8    | Identified the +8 spear "Tugh" {speed, rC++}
 48183 | Zig:9    | Entered Level 9 of a ziggurat
 48189 | Zig:9    | Noticed a Killer Klown
 48190 | Zig:9    | Noticed a Killer Klown
 48190 | Zig:9    | Noticed a Killer Klown
 48201 | Zig:9    | Killed a Killer Klown
 48204 | Zig:9    | Killed a Killer Klown
 48209 | Zig:9    | Killed a Killer Klown
 48233 | Zig:9    | Identified the +2 lajatang of the Doomed Warrior {heavy,
                  | rPois rCorr Str-2 Int+5}
 48237 | Zig:9    | Identified the +4 arbalest of the Wasteland {drain, rF+
                  | Int-3 Dex+2}
 48238 | Zig:9    | Identified the +1 sling of Ziveom {freeze, rElec rC- Str+5}
 48257 | Zig:10   | Entered Level 10 of a ziggurat
 48285 | Zig:10   | HP: 7/192 [Hell Sentinel/damnation (28)]
 48287 | Arena    | Entered the Arena
 48291 | Arena    | Received a gift from Okawaru
 48321 | Zig:10   | Killed from afar by an iron giant

Skill      XL: |  1  2  3  4  5  6  7  8  9 10 11 12 13 14 15 16 17 18 19 20 21 22 23 24 25 |
---------------+----------------------------------------------------------------------------+-----
Staves         | 4 5 6 7 9 11 13 14 16 18 20 21 22 23 24 25 26 27 | 27.0
Armour         | 3 6 9 11 13 14 16 17 18 19 20 21 22 23 24 25 26 | 26.8
Fighting       | 4 7 10 11 13 15 16 17 18 19 20 21 22 23 24 26 | 26.9
Invocations    | 4 7 10 11 | 11.2
Dodging        | 4 7 8 10 | 10.1
Transmutations | 2 |  2.6
Throwing       | |  1.7

Action                     |  1- 3 |  4- 6 |  7- 9 | 10-12 | 13-15 | 16-18 | 19-21 | 22-24 | 25-27 || total
---------------------------+-------+-------+-------+-------+-------+-------+-------+-------+-------++-------
  Melee: Quarterstaff      |   114 |   113 |   235 |   586 |     9 |       |       |       |       ||  1057
         Lajatang          |       |       |       |       |   745 |   939 |  1157 |  1073 |   264 ||  4178
         Unarmed           |       |       |       |       |       |       |     3 |       |       ||     3
  Throw: Throwing net      |       |     2 |     3 |       |     3 |     2 |       |       |       ||    10
   Cast: Wereblood         |       |       |       |       |       |       |       |    11 |     1 ||    12
 Invoke: Duel              |       |       |       |       |     2 |     1 |     4 |     6 |     1 ||    14
         Heroism           |       |       |       |       |     2 |     1 |     4 |     1 |       ||     8
         Finesse           |       |       |       |       |     1 |     1 |     1 |     1 |     1 ||     5
  Evoke: Wand              |       |       |       |       |       |       |       |     3 |       ||     3
    Use: Scroll            |     7 |     2 |     7 |     9 |    11 |     3 |     8 |     3 |     2 ||    52
         Potion            |       |       |     2 |     2 |     2 |     4 |     8 |     1 |    15 ||    34
   Stab: Sleeping          |     3 |       |       |       |       |       |     1 |       |       ||     4
         Held in net/web   |       |     2 |     1 |       |       |       |       |       |       ||     3
         Invisible         |       |       |     1 |    31 |    21 |    28 |    16 |    21 |     9 ||   127
         Confused          |       |       |       |     1 |       |       |       |       |       ||     1
         Petrifying        |       |       |       |     1 |       |       |       |       |       ||     1
         Distracted        |       |       |       |       |    10 |    15 |    10 |    15 |     7 ||    57
 Armour: Leather armour    |    21 |       |       |       |       |       |       |       |       ||    21
         Plate armour      |    64 |   110 |   119 |   107 |       |       |       |       |       ||   400
         Scale mail        |       |       |       |   212 |   343 |   708 |   711 |   895 |   281 ||  3150
  Dodge: Dodged            |    67 |    35 |    50 |   359 |   500 |   907 |   784 |   956 |   403 ||  4061

Levels and vault maps discovered:
D:1:      sevenhm_arrival_forest_fort_small_6, layout_basic, serial_bayou_pond_e
D:2:      wad_lake_hut, layout_rooms, serial_co_window_serial,
          co_window_paths_b, co_window_of_opportunity_a, co_window_paths_b,
          co_window_paths_a, co_window_cross_1, co_window_corner_a,
          co_window_corner_a, co_window_2corner, co_window_unsneaky_path_a,
          co_window_broadway_b, co_window_broadway_b,
          co_window_of_opportunity_b, co_window_of_opportunity_c,
          co_window_paths_c, co_window_paths_d, glass_columns_b,
          glass_columns_a, glass_columns_a, glass_columns_b
D:3:      minmay_spotlight, layout_basic, marbit_many_paths
D:4:      layout_cave_pools, grunt_temple_overflow_open, gammafunk_ghost_grave,
          serial_shops, nicolae_square_shop, shop, uniq_crazy_yiuf_cottage
D:5:      layout_basic, uniq_duvessa
D:6:      gammafunk_cloud_chamber, layout_basic, serial_bayou_pond_d,
          uniq_maggie, uniq_menkaure
D:7:      layout_basic, minmay_temple_entry_butterflies,
          hangedman_abyss_or_decor_stagger
D:8:      layout_loops_ring, trog_book, dpeg_oklobed_lair, serial_shops,
          nicolae_shop_statue_plus, enter_bailey_2
D:9:      minmay_opposing_rooms, layout_long_grid, evilmike_minifort,
          uniq_maurice
D:10:     layout_layer_cave, david_orc_2, uniq_sonja
D:11:     layout_loops_ring, uniq_erolcha
D:12:     layout_irregular_city
D:13:     layout_loops_corners, david_vaults_5, serial_shops, shop_fountains,
          gammafunk_ghost_stat_death, nzn_wu_jian_council_hall, uniq_nessos,
          uniq_urug, uniq_kirke
D:14:     layout_loops_ring, reono_crystal_passage, minmay_misc_feat_cross,
          nicolae_shop_fire_sale [nicolae_sub_dead_trees], grunt_ministairs_9,
          kennysheep_generic_room_2, uniq_jorgrun
D:15:     grunt_enter_depths_snipers, layout_loops_cross,
          ebering_ghost_funeral_grove, serial_bayou_pond_d
Temple:   eino_temple_scatter_basement
Lair:1:   layout_small_grid, wad_woods_road_05, lemuel_fruit_fields
Lair:2:   layout_cave_pods, grunt_megastairs_1
Lair:3:   layout_chaotic_city, nicolae_swamp_entry_splash_gauntlet,
          minmay_snake_entry_six_corridors, chequers_serial_rivers_micro_b,
          guppyfry_lair_drakes
Lair:4:   layout_hall_layers, dpeg_slime_entry_enclosed
Lair:5:   evilmike_catoblepas_cave, layout_small_grid,
          infiniplex_staircase_pool, lemuel_fruit_tree
Swamp:1:  layout_basic_swamp, evilmike_swamp_ruin_house_2, swamp_pool1,
          st_swamp_mini
Swamp:2:  layout_falls_marsh, serial_swamp_ruin, evilmike_swamp_ruin_house_4,
          evilmike_swamp_ruin_house_5, evilmike_swamp_ruin_rubble_2, swamp_pool1
Swamp:3:  layout_basic_swamp, nicolae_swamp_stair_fork,
          nicolae_swamp_thats_no_hydra
Swamp:4:  swamp_icy, layout_basic_swamp, swamp_pool5,
          nicolae_swamp_well_well_well, nicolae_swamp_baby_hydras
Snake:1:  nrook_guardian_serpent_snake_passage, layout_chambers,
          gammafunk_ghost_necromancy, grunt_megastairs_5, serial_bayou_shore_a
Snake:2:  layout_onion, lightli_airlock, uniq_aizul
Snake:3:  layout_grid_shapes, grunt_megastairs_2, minmay_shop_grove
Snake:4:  grunt_snake_rune_pools, layout_onion
Orc:1:    layout_caves, serial_shops, shop_fountains, basic_altar
Orc:2:    pf_orc_diabolical, layout_diamond_mine, mines2_david
Vaults:1: st_greater_box_5, dpeg_vaults_monster_box, vaults_room_boxed,
          ontoclasm_vaults_ring_large, vaults_room_semicircle, v_misc_8,
          nicolae_vaults_angled_halls, v_misc_24,
          nicolae_vaults_yaktaur_gun_rack, hangedman_vaults_maws, v_pattern_1,
          ontoclasm_vaults_chip, layout_vaults_maze_bifur, serial_shops,
          nicolae_shop_trees, uniq_asterion
Vaults:2: hangedman_vaults_stretched_pinwheel, ontoclasm_vaults_chip, v_rooms_5,
          nicolae_vaults_rhombus_7, vaults_standard_mumra_x, v_misc_23,
          nicolae_vaults_theta, layout_vaults_chaotic_city
Vaults:3: hangedman_vaults_stagger, vaults_room_hangedman_quadrants,
          serial_ice_b, serial_ice_h, vaults_dpeg_emergency_exit,
          nicolae_vaults_circle_grid_b, hangedman_vaults_cutoff,
          nicolae_vaults_theta, hangedman_vaults_capsules, v_misc_3,
          layout_vaults_omnigrid, minmay_crypt_entry_simple_box
Vaults:4: portal_desolation_entry_nicolae_slug, vaults_dpeg_ring,
          nicolae_vaults_ring_of_whatevers, v_alt_pattern_3,
          nicolae_vaults_big_angled_halls, vaults_room_pool,
          vaults_room_semicircle, st_cross, nicolae_vaults_mini_display_case,
          nicolae_vaults_little_squares_3, ontoclasm_vaults_ring_small,
          hangedman_vaults_snaps, ontoclasm_vaults_ligature,
          nicolae_vaults_ring_of_whatevers, layout_vaults_omnicross, uniq_jory
Vaults:5: uniq_bai_suzhen, uniq_mennas
Depths:1: layout_cave_pools, minmay_room_of_horrors, minmay_misc_feat_plants,
          hell_entry, kiku_gazebo_garden_becter, firewood_loft,
          serial_bayou_shore_b
Depths:2: gammafunk_the_bubble [the_bubble_gammafunk_crates], layout_gridlike,
          nicolae_abyss_entry_one_way_or_another, serial_shops,
          nicolae_diamond_shop, pan_entry, hellmonk_ghost_big_iron, hell_entry,
          xom_redecorated, grunt_ministairs_7, nicolae_danse_macabre,
          infiniplex_staircase_spiral, serial_bayou_shore_b
Depths:3: evilmike_library_of_no_secrets, layout_basic, enter_ziggurat_d,
          mu_enter_wizlab_7, hangedman_ru_absence, hell_entry, abyss_entry
Depths:4: grunt_zot_entry_alcove, layout_gridville, grunt_hell_entry_dis_grunt,
          nicolae_qazlal_eye_of_the_storm, abyss_entry, lemuel_blue_sif_altar
Zig:10
